 Dungeon Crawl Stone Soup version 0.25-a0-294-gea9b1ad378 (webtiles) character file.

Game seed: 7270745768527379548, levelgen mode: deterministic

3 FieryGallade the Magician (level 1, 0/13 HPs)
             Began as a Human Wanderer on Dec 19, 2019.
             Killed from afar by a dart slug (6 damage)
             ... with a slug dart
             ... on level 1 of the Dungeon.
             The game lasted 00:03:34 (80 turns).

FieryGallade the Magician (Human Wanderer)            Turns: 80, Time: 00:03:35

Health: 0/13       AC:  2    Str: 15    XL:     1   Next: 55%
Magic:  5/5        EV: 11    Int: 13    God:
Gold:   15         SH:  0    Dex:  8    Spells: 5/8 levels left

rFire    . . .     SeeInvis .   a - +0 club
rCold    . . .     Gourm    .   (no shield)
rNeg     . . .     Faith    .   d - +0 robe
rPois    .         Spirit   .   (no helmet)
rElec    .         Reflect  .   (no cloak)
rCorr    .         Harm     .   (no gloves)
MR       .....                  (no boots)
Stlth    +.........             (no amulet)
HPRegen  0.04/turn              (no ring)
MPRegen  0.09/turn              (no ring)

@: no status effects
A: no striking features
a: no special abilities


You were on level 1 of the Dungeon.
You were not hungry.

You visited 1 branch of the dungeon, and saw 1 of its levels.

You collected 15 gold pieces.

Inventory:

Hand Weapons
 a - a +0 club (weapon)
Armour
 d - a +0 robe (worn)
Scrolls
 c - a scroll of remove curse {unknown}
Potions
 b - a potion of heal wounds {unknown}
Comestibles
 f - a ration


   Skills:
   Level 2.0 Shields
 + Level 4.1 Spellcasting
 + Level 2.0 Conjurations
   Level 1.0 Air Magic
 + Level 1.0 Poison Magic


You had 5 spell levels left.
You knew the following spells:

 Your Spells              Type           Power        Failure   Level  Hunger
a - Animate Skeleton      Necr           N/A          21%         1    None
b - Magic Dart            Conj           #...         9%          1    None
c - Sting                 Tmut/Pois      #...         17%         1    None

Your spell library contained the following spells:

 Spells                   Type           Power        Failure   Level  Hunger
 Searing Ray              Conj           #.....       14%         2    ##.....
 Dazzling Flash           Conj/Hex       #.....       38%         3    ###....
 Ignite Poison            Fire/Tmut/Pois #.......     47%         3    ###....
 Regeneration             Chrm/Necr      #.........   52%         3    ###....
 Fulminant Prism          Conj/Hex       #.........   80%         4    ####...
 Iskenderun's Mystic Bla  Conj/Tloc      #.......     80%         4    ####...


Dungeon Overview and Level Annotations

Branches:
Dungeon (1/15)

Altars:


Message History

You hit the rat.
You kill the rat!
You hit the dart slug but do no damage. The dart slug barely misses you.
You hit the dart slug.
The dart slug is lightly wounded.
You hit the dart slug but do no damage.
The dart slug is lightly wounded.
The dart slug closely misses you.
You completely miss the dart slug.
The dart slug is lightly wounded.
The dart slug launches a dart at you. The slug dart misses you.
You hit the dart slug.
The dart slug is moderately wounded.
The dart slug barely misses you.
You hit the dart slug.
The dart slug is heavily wounded.
The dart slug launches a dart at you. The slug dart hits you.
You die...

#.#.#.#..# #.....
#.#...#..# ####..
.....#..#+## #..
.!......... ####..
.......... #.....
.......># #.....
#...w...#.# #.....
#w# #.# ####.. #@#
#.# #.. #.# #.#
####.. #.# #.#
#..... #.# #.#
#.....
#.#######.###.....
#.................
##################


You could see a dart slug.

Vanquished Creatures
  A hobgoblin (D:1)
  A bat (D:1)
  2 rats (D:1)
4 creatures vanquished.

Notes
Turn   | Place    | Note
-------+----------+-------------------------------------------
     0 | D:1      | FieryGallade the Human Wanderer began the quest for the
                  | Orb.
     0 | D:1      | FieryGallade set off with the following items: a +0 club, a
                  | +0 robe, a ration; and the following spells available to
                  | memorise: Magic Dart, Searing Ray, Sting, Animate Skeleton,
                  | Dazzling Flash, Ignite Poison, Regeneration, Fulminant
                  | Prism, Iskenderun's Mystic Blast
     0 | D:1      | Reached XP level 1. HP: 13/13 MP: 5/5
     2 | D:1      | Learned a level 1 spell: Animate Skeleton
     4 | D:1      | Learned a level 1 spell: Magic Dart
     6 | D:1      | Learned a level 1 spell: Sting
    80 | D:1      | Killed from afar by a dart slug

Levels and vault maps discovered:
D:1:      minmay_arrival_hallway, layout_basic

Action                   || total
-------------------------++-------
Melee: Club              ||    17
Armor: Robe              ||     2
Dodge: Dodged            ||    10

Table legend:
 A = Non-vault XP
 B = Vault XP
 C = Vault XP percentage of total XP
 D = Non-vault monster count
 E = Vault monster count
 F = Vault count percentage of total count
                 A         B        C        D         E       F
            +---------+---------+-------+---------+---------+-------
      Total |       5 |       0 |   0.0 |       4 |       0 |   0.0
            +---------+---------+-------+---------+---------+-------
        D:1 |       5 |       0 |   0.0 |       4 |       0 |   0.0
            +---------+---------+-------+---------+---------+-------
